 Dungeon Sprint DCSS version 0.21.1-1-g345015f (webtiles) character file.

5248 Fang the Warrior (level 10, -1/106 HPs)
             Began as a Minotaur Berserker on May 22, 2018.
             Was the Champion of Trog.
             Slain by a two-headed ogre
             ... wielding a +0 giant club
              (13 damage)
             ... in the Dungeon (Sprint V: "Ziggurat Sprint").
             The game lasted 00:03:42 (909 turns).

Fang the Warrior (Minotaur Berserker)                Turns: 909, Time: 00:03:42

Health: -1/106     AC: 12    Str: 31    XL:     10   Next: 36%
Magic:  9/9        EV: 14    Int:  4    God:    Trog [******]
Gold:   0          SH:  0    Dex: 10    Spells: 9/9 levels left

rFire    + . .     SeeInvis .   H - +6 battleaxe (chop)
rCold    . . .     Gourm    .   (shield currently unavailable)
rNeg     . . .     Faith    .   I - +2 scale mail {rF+}
rPois    .         Spirit   .   (helmet restricted)
rElec    .         Reflect  .   (no cloak)
rCorr    .         Harm     .   (no gloves)
MR       .....     NoTele   +   b - +0 pair of boots {Stlth+}
Stlth    ++........             (no amulet)
HPRegen  0.27/turn              G - ring of flight
MPRegen  0.11/turn              F - +6 ring of strength

@: berserk cooldown, slowed, very slow
A: retaliatory headbutt, horns 2
a: Berserk, Trog's Hand, Brothers in Arms, Burn Spellbooks, Renounce Religion,
Evoke Flight


You were in the Dungeon.
You worshipped Trog.
Trog was exalted by your worship.
You were not hungry.

You visited 1 branch

Inventory:

Hand Weapons
 j - a +2 trident of holy wrath
 E - a +2 hand axe of flaming
 H - a +6 battleaxe of chopping (weapon)
Armour
 b - a +0 pair of boots of stealth (worn)
 I - a +2 scale mail of fire resistance (worn)
Jewellery
 F - a +6 ring of strength (right hand)
 G - a ring of flight (left hand)
Wands
 x - a wand of disintegration (7)
 y - a wand of iceblast (7)
 z - a wand of acid (7)
Scrolls
 i - 4 scrolls of blinking
 l - a scroll of brand weapon
 m - 7 scrolls of fog
 n - a scroll of holy word
 o - 5 scrolls of identify
 p - 5 scrolls of remove curse
 q - 2 scrolls of fear
Potions
 d - 10 potions of curing
 e - 10 potions of heal wounds
 f - 6 potions of haste
 g - 7 potions of magic
 h - 3 potions of berserk rage
 r - 2 potions of brilliance
 s - 2 potions of invisibility
 t - 4 potions of resistance
 u - a potion of experience
 v - 5 potions of agility
 w - 5 potions of might
Miscellaneous
 a - a lamp of fire
 k - a sack of spiders
 B - a phial of floods
 C - a phial of floods
 D - a phial of floods
Comestibles
 c - 6 rations


   Skills:
 + Level 15.5 Fighting
 + Level 15.1(16.8) Axes
 + Level 13.1(15.8) Polearms
 + Level 11.1 Armour
 + Level 8.0 Dodging
 + Level 3.3 Stealth


You had 9 spell levels left.
You didn't know any spells.

Dungeon Overview and Level Annotations

Branches:
Dungeon (1/1)

Altars:
Ashenzari
Cheibriados
Dithmenos
Elyvilon
Fedhas
Gozag
Hepliaklqana
Kikubaaqudgha
Makhleb
Nemelex Xobeh
Okawaru
Qazlal
Ru
Sif Muna
Trog
Uskayaw
Vehumet
Wu Jian
Xom
Yredelemnul
Zin
The Shining One
Beogh
Jiyva
Lugonu

Annotations:
D 1 transporter


Innate Abilities, Weirdness & Mutations

You reflexively headbutt those who attack you in melee.
You have a pair of horns on your head.


Message History

You kill the cyclops!
Trog accepts your kill.
Your base Polearms skill increases to level 13!
The cyclops throws a large rock.
The large rock hits you!!
* * * LOW HITPOINT WARNING * * *
You hit the two-headed ogre.
The two-headed ogre is lightly wounded.
You slash the cyclops!
You are no longer berserk.
You are exhausted.
You feel yourself slow down. The cyclops barely misses you.
The cyclops throws a large rock.
The large rock hits you but does no damage.
Unknown command.
You slash the two-headed ogre! You headbutt the two-headed ogre.
The two-headed ogre is moderately wounded.
You slash the cyclops! The two-headed ogre barely misses you.
You furiously retaliate!
You headbutt the two-headed ogre.
The two-headed ogre hits you with a giant spiked club!
You die...

▓........▓........▓
▓.▓†††.▓.▓.▓....▓.▓
▓...©....▓...©....▓
▓▓▓▓▓▓▓▓▓▓▓▓▓▓▓▓▓▓▓
▓...8©8...▓.=8©8..▓
▓..=):)...▓..)....▓
▓...=)}...▓.......▓
▓..†OCC...▓.......▓
▓...@.C...▓.......▓
▓...()....▓.†[....▓
▓(...(....▓.......▓
▓.........▓.......▓
▓....©....▓...©...▓
▓▓▓▓▓▓▓▓▓▓▓▓▓▓▓▓▓▓▓
▓..8©8..▓ ▓...)=..▓
▓..}|)..▓


You could see a two-headed ogre and 3 cyclopes.

Vanquished Creatures
  2 two-headed ogres (D)
  A large abomination (D)
  2 cyclopes (D)
  3 rime drakes (D)
  2 jumping spiders (D)
  A troll (D)
  A slime creature (D)
  A tarantella (D)
  A ynoxinul (D)
  A small abomination (D)
  2 chaos spawn (D)
  2 swamp drakes (D)
  A phantom (D)
  2 ogres (D)
  A necrophage (D)
  A scorpion (D)
  A wight (D)
  A jelly (D)
  A shadow imp (D)
  An adder skeleton (D)
  A bat skeleton (D)
  A ball python skeleton (D)
  A leopard gecko skeleton (D)
  A leopard gecko zombie (D)
  A quokka zombie (D)
33 creatures vanquished.

Notes
Turn   | Place    | Note
-------+----------+-------------------------------------------
     0 | D        | Found the +6 Majin-Bo {vamp, Archmagi MP+6 Int+6}
     0 | D        | Found the +7 great mace "Firestarter" {inner flame, rF++}
     0 | D        | Fang the Minotaur Berserker began the quest for the Orb.
     0 | D        | Reached XP level 1. HP: 19/19 MP: 0/0
     3 | D        | Found a blossoming altar of Fedhas.
     4 | D        | Found a viscous altar of Jiyva.
     4 | D        | Found a hazy altar of Hepliaklqana.
     4 | D        | Found a transporter.
     4 | D        | Found an opulent altar of Gozag.
     4 | D        | Found an ancient bone altar of Kikubaaqudgha.
     4 | D        | Found a corrupted altar of Lugonu.
    10 | D        | Found a burning altar of Makhleb.
    11 | D        | Found a stormy altar of Qazlal.
    11 | D        | Found a sacrificial altar of Ru.
    11 | D        | Found an iron altar of Okawaru.
    11 | D        | Found a deep blue altar of Sif Muna.
    11 | D        | Found a sparkling altar of Nemelex Xobeh.
    11 | D        | Found a bloodstained altar of Trog.
    83 | D        | Entered arena 2.
    83 | D        | Noticed a jelly
    83 | D        | Noticed a slime creature
    83 | D        | Found a transporter.
    90 | D        | Killed a slime creature
    90 | D        | Reached skill level 1 in Polearms
    90 | D        | Reached XP level 2. HP: 36/37 MP: 1/1
    90 | D        | Reached XP level 3. HP: 41/42 MP: 2/2
    90 | D        | Reached XP level 4. HP: 49/50 MP: 3/3
    90 | D        | Reached XP level 5. HP: 55/57 MP: 4/4
    92 | D        | Reached skill level 5 in Armour
   222 | D        | Entered arena 3.
   222 | D        | Found a transporter.
   223 | D        | Reached ** piety under Trog
   236 | D        | Entered arena 4.
   236 | D        | Noticed an ogre
   236 | D        | Noticed a two-headed ogre
   236 | D        | Noticed an ogre
   236 | D        | Noticed a troll
   236 | D        | Found a transporter.
   237 | D        | Found the +8 glaive of the Guard {elec, +Rage AC+5 SInv}
   241 | D        | Killed a two-headed ogre
   241 | D        | Reached XP level 6. HP: 70/70 MP: 5/5
   241 | D        | Reached XP level 7. HP: 77/77 MP: 6/6
   243 | D        | Killed a troll
   243 | D        | Reached *** piety under Trog
   243 | D        | Reached XP level 8. HP: 85/85 MP: 7/7
   292 | D        | Entered arena 5.
   292 | D        | Noticed a jumping spider
   292 | D        | Noticed a jumping spider
   292 | D        | Found a transporter.
   297 | D        | Killed a jumping spider
   298 | D        | Reached **** piety under Trog
   304 | D        | Killed a jumping spider
   313 | D        | Reached ***** piety under Trog
   354 | D        | Entered arena 6.
   354 | D        | Noticed a rime drake
   354 | D        | Noticed a rime drake
   354 | D        | Noticed a rime drake
   354 | D        | Found a transporter.
   356 | D        | Killed a rime drake
   356 | D        | Reached skill level 10 in Polearms
   356 | D        | Reached XP level 9. HP: 94/94 MP: 8/8
   372 | D        | Killed a rime drake
   380 | D        | Killed a rime drake
   598 | D        | Entered arena 7.
   599 | D        | Found a transporter.
   606 | D        | Reached ****** piety under Trog
   609 | D        | Reached skill level 1 in Stealth
   673 | D        | Entered arena 8.
   673 | D        | Noticed a large abomination
   675 | D        | Found a transporter.
   680 | D        | Received a gift from Trog
   684 | D        | Killed a large abomination
   684 | D        | Reached skill level 15 in Fighting
   684 | D        | Reached skill level 10 in Armour
   684 | D        | Reached XP level 10. HP: 105/105 MP: 0/9
   899 | D        | Entered arena 9.
   899 | D        | Noticed a two-headed ogre
   899 | D        | Noticed a cyclops
   899 | D        | Noticed a cyclops
   899 | D        | Noticed a cyclops
   899 | D        | Noticed a cyclops
   899 | D        | Noticed a two-headed ogre
   899 | D        | Noticed a cyclops
   901 | D        | Found a transporter.
   903 | D        | Killed a two-headed ogre
   907 | D        | Killed a cyclops
   907 | D        | Reached skill level 15 in Axes
   907 | D        | Killed a cyclops
   909 | D        | Slain by a two-headed ogre

Skill      XL: |  1  2  3  4  5  6  7  8  9 10 |
---------------+-------------------------------+-----
Fighting       | 9 12 13 15 | 15.5
Axes           | 8 12 13 14 15 | 15.1
Polearms       | 1 6 7 10 11 13 | 13.1
Armour         | 4 6 7 8 10 11 | 11.1
Dodging        | 4 6 7 8 |  8.0
Stealth        | 2 3 |  3.3

Action                   |  1- 3 |  4- 6 |  7- 9 | 10-12 || total
-------------------------+-------+-------+-------+-------++-------
Melee: Demon trident     |     6 |     9 |    27 |       ||    42
       Headbutt          |       |     3 |    13 |     1 ||    17
       Hand axe          |       |       |    10 |       ||    10
       Battleaxe         |       |       |     8 |     5 ||    13
Invok: Berserk           |     1 |     1 |     3 |     1 ||     6
       Burn Spellbooks   |       |       |     1 |       ||     1
 Stab: Confused          |       |       |     2 |       ||     2
  Eat: Chunk             |       |       |     2 |       ||     2
       Ration            |       |       |       |     1 ||     1
Armor: Shadow dragon sca |     2 |     2 |    18 |       ||    22
       Scale mail        |       |       |     2 |       ||     2
Dodge: Dodged            |     3 |     5 |    22 |     7 ||    37
